 Dungeon Crawl Stone Soup version 0.29-a0-716-gf28ee254f9 (console) character file.

Game seed: 13636997218612237380

210370 Banquo the Eclecticist (level 20, -12/222 HPs)
             Began as a Djinni Cinder Acolyte on June 25, 2022.
             Was a High Priest of Ignis.
             Mangled by a torpor snail (31 damage)
             ... on level 3 of the Spider Nest on June 29, 2022.
             The game lasted 05:41:36 (40916 turns).

Banquo the Eclecticist (Djinni Cinder Acolyte)     Turns: 40916, Time: 05:41:36

Health: -12/222    AC: 11    Str: 16    XL:     20   Next: 3%
Gold:   3135       EV: 14    Int: 24    God:    Ignis [*****.] SH: 11 Dex: 12

rFire   + + +      SeeInvis +   a - +8 trident {flame, rPois Str-3 Int+4 SInv}
rCold   + . .      Faith    .   i - +0 kite shield
rNeg    . . .      Spirit   .   d - +0 troll leather armour {Pargi}
rPois   ∞          Reflect  .   h - +0 hat {Int+3}
rElec   +          Harm     .   f - +0 cloak
rCorr   .          Rampage  .   g - +2 pair of gloves of Fatizop {rElec}
Will    ++...                   (boots unavailable)
Stlth   ..........              v - amulet of regeneration
HPRegen 2.07/turn               T - ring "Forov" {rPois rC++ Str+6 Int-5 SInv}
MPRegen 0.00/turn               W - ring of Bonweh {Wiz rF+}

@: berserking (expiring), flying, slowed, studying Axes
A: sickness immunity, fire resistance 2, cold vulnerability 1, float, innate
caster, HP casting, extra vitality 1
a: Renounce Religion, Fiery Armour, Foxfire Swarm, Rising Flame


You were on level 3 of the Spider Nest.
You worshipped Ignis.
Ignis was extremely pleased with you.
You visited 6 branches of the dungeon, and saw 33 of its levels.
You visited 2 bazaars.
You also visited: Sewer, Gauntlet and Ice Cave.

You collected 4268 gold pieces.
You spent 1133 gold pieces at shops.

Inventory:

Hand Weapons
 a - the +8 trident "Gulasij" (weapon) {flame, rPois Str-3 Int+4 SInv}
   (You took it off a minotaur in a Gauntlet)

   It burns those it strikes, dealing additional fire damage.
   Str:       It affects your strength (-3).
   Int:       It affects your intelligence (+4).
   rPois:     It protects you from poison.
   SInv:      It lets you see invisible.
 b - a +1 demon trident of venom
 z - a +3 vampiric trident
Missiles
 r - 8 throwing nets
 Q - 23 boomerangs
Armour
 d - a +0 troll leather armour (worn) {Pargi}
 f - a +0 cloak (worn)
 g - the +2 pair of gloves of Fatizop (worn) {rElec}
   (You bought it in a shop on level 1 of the Shoals)

   rElec:     It insulates you from electricity.
 h - a +0 hat of intelligence (worn)
 i - a +0 kite shield (worn)
Magical Staves
 e - a staff of conjuration
 K - a staff of cold
Jewellery
 v - an amulet of regeneration (around neck)
 x - a ring of resist corrosion
 C - a ring of protection from cold
 N - the ring of the Final Decision {*Slow rN+ Will+ Str+6}
   (You found it on level 3 of the Elven Halls)

   [ring of strength]

   Str:       It affects your strength (+6).
   rN:        It protects you from negative energy.
   *Slow:     It may slow you when you take damage.
   Will:      It increases your willpower.
 T - the ring "Forov" (left hand) {rPois rC++ Str+6 Int-5 SInv}
   (You took it off a minotaur in a Gauntlet)

   [ring of strength]

   Str:       It affects your strength (+6).
   Int:       It affects your intelligence (-5).
   rC:        It greatly protects you from cold.
   rPois:     It protects you from poison.
   SInv:      It lets you see invisible.
 W - the ring of Bonweh (right hand) {Wiz rF+}
   (You found it in a Gauntlet)

   [ring of wizardry]

   It improves your spell success rate.
   rF:        It protects you from fire.
Wands
 c - a wand of mindburst (29)
 w - a wand of quicksilver (26)
 I - a wand of iceblast (32)
Scrolls
 k - 8 scrolls of blinking
 l - 12 scrolls of poison
 m - 2 scrolls of magic mapping
 p - 2 scrolls of summoning
 G - 7 scrolls of fear
 H - 5 scrolls of fog
 R - 20 scrolls of teleportation
Potions
 j - 2 potions of berserk rage
 o - 11 potions of haste
 s - 28 potions of curing
 t - 10 potions of heal wounds
 u - 2 potions of cancellation
 B - 2 potions of resistance
 E - 4 potions of might
 F - 7 potions of brilliance
 O - 2 potions of invisibility
 P - 7 potions of ambrosia
Miscellaneous
 y - a box of beasts
 L - a phantom mirror


   Skills:
 * Level 14.6 Fighting
 - Level 2.6 Long Blades
 * Level 9.1 Polearms
 * Level 11.2 Armour
 + Level 10.9 Dodging
 - Level 4.0 Stealth
 * Level 9.9 Shields
 + Level 18.5 Spellcasting


You had 16 spell levels left.
You knew the following spells:

 Your Spells              Type           Power      Damage    Failure   Level
a - Manifold Assault      Tloc           84%        N/A       1%          5
b - Scorch                Fire           100%       2d10      0%          2
c - Mephitic Cloud        Conj/Pois/Air  84%        N/A       0%          3
d - Inner Flame           Hex/Fire       84%        N/A       0%          3
e - Summon Small Mammal   Summ           100%       N/A       0%          1
f - Spellforged Servitor  Conj/Summ      42%        N/A       1%          7
m - Monstrous Menagerie   Summ           42%        N/A       1%          7
r - Searing Ray           Conj           100%       2d8       0%          2
z - Iron Shot             Conj/Erth      42%        9d8       1%          6
Y - Summon Ice Beast      Ice/Summ       84%        N/A       1%          4
Your spell library was empty.

Dungeon Overview and Level Annotations

Branches:
Dungeon (15/15)            Temple (0/1) D:6            Lair (6/6) D:9
 Shoals (3/4) Lair:2       Spider (4/4) Lair:3        Slime (0/5) Lair:5
    Orc (2/2) D:12            Elf (3/3) Orc:2        Vaults (0/5) D:13
  Sewer (visited)           IceCv (visited)         Gauntlet (visited)
 Depths: D:15

Altars:
Cheibriados
Fedhas
Kikubaaqudgha
Nemelex Xobeh
Sif Muna
Vehumet
Xom
The Shining One
Beogh
Jiyva

Shops:
D:4 ?   D:9 *   D:12 ?!   Orc:2 !:?(   Shoals:1 [

Annotations:
D:7 potion in rock
D:15 Louise; Rupert
Spider:3 3 runed translucent doors, Rinayma's ghost, journeyman SpEn
Spider:4 Arachne
Elf:2 3 runed translucent doors


Innate Abilities, Weirdness & Mutations

You are immune to sickness and miasma.
You are immune to poison.
Your flesh is very heat resistant. (rF++)
You are vulnerable to cold. (rC-)
You float through the air rather than walking.
You learn spells naturally, not from books.
Your magical power is your life essence.
You have superior vitality. (+4 MHP)


Message History

Unknown command.
Unknown command.
Press: ? - help, v - describe, . - travel
Here: a moth of wrath The floor.
Unknown command.
Unknown command.
Press: ? - help, v - describe, . - travel
Here: a jumping spider (severely wounded, berserk)
The floor.
Unknown command.
Unknown command.
Unknown command.
Unknown command.
Unknown command.
Unknown command.
Press: ? - help, v - describe, . - travel A web.
Unknown command.
Unknown command.
You barely miss the jumping spider.
The jumping spider is severely wounded.
You block the jumping spider's attack. x2; The moth of wrath barely misses you.
The jumping spider pounces on you but does no damage.
The jumping spider bites you but does no damage.
The torpor snail bites you!
* * * LOW HITPOINT WARNING * * *
You are too berserk!
You puncture the jumping spider! You burn the jumping spider.
You kill the jumping spider!
You block the moth of wrath's attack. The torpor snail misses you.
The moth of wrath bites you!!
* * * LOW HITPOINT WARNING * * *
Unknown command.
You block the torpor snail's attack. The moth of wrath misses you.
The moth of wrath attacks as you move away!
You block the moth of wrath's attack.
You feel a strong urge to attack something.
The moth of wrath goads something on!
The torpor snail bites you!!
You die...

#####.####....#
#####
#####...### #..
##### #....#
###.
#.#.###...##
#...
#....#..###
#...
#####......###
###^
#..#..###..<.#
##
##..#..#####wy#
##
#...#...##^@.>#
#.
###.^...##.####
####
#...###.....#
### #...
###...#.....#
#.## ##..
#...###+++###
#.^####..
##>.#ZZZWZW.#
##...#.#..
#...##ZZ.Z.##
#^.#.^....
####.#.......#
#####.....
#.^..##.?!?.##
##.#.^


You could see a torpor snail (berserk), a moth of wrath, a spectral emperor
scorpion, a spectral ghost moth, a spectral radroach, Rinayma's ghost and 2
spark wasp simulacra.

Vanquished Creatures
  Nikola (Shoals:1)
  Gastronok (Lair:3)
  Agnes (Spider:2)
  2 frost giants (IceCv)
  A deep elf sorcerer (Elf:3)
  2 ghost moths
  4 deep elf elementalists (Elf:3)
  A very ugly thing (Spider:2)
  A white draconian (IceCv)
  5 entropy weavers
  3 deep elf annihilators (Elf:3)
  A minotaur (Gauntlet)
  An ettin (Orc:2)
  2 merfolk javelineers
  2 deep elf high priests (Elf:3)
  3 merfolk impalers
  4 vault guards (D:13)
  An ogre mage (Orc:2)
  4 hydras
  4 boulder beetles
  A radroach (Spider:3)
  3 ironbound frosthearts (IceCv)
  2 two-headed ogres
  A merfolk avatar (Shoals:1)
  2 centaur warriors (D:15)
  6 dancing weapons
  A catoblepas (Lair:4)
  A death knight (D:14)
  3 death yaks
  A tengu warrior (D:13)
  4 deep elf knights (Elf:1)
  A pharaoh ant (Lair:3)
  4 sea snakes
  A sun moth (Spider:3)
  3 skeletal warriors (D:13)
  3 deep elf archers
  An orb spider (Spider:2)
  2 steelbarb worms (Spider:2)
  A wizard (D:15)
  2 deep trolls (D:15)
  4 nameless horrors
  A lindwurm (Lair:5)
  5 harpies (Shoals:1)
  An orange crystal statue (IceCv)
  13 deep elf zephyrmancers
  An orc knight (Orc:1)
  11 deep elf pyromancers
  14 ugly things
  A wolf spider (shapeshifter) (Gauntlet)
  2 cyclopes
  5 manticores
  10 orc sorcerers (Orc:2)
  2 oklob plants (Lair:5)
  4 wolf spiders
  5 fauns
  A moth of wrath (Spider:2)
  6 elephants
  A black mamba (shapeshifter) (D:13)
  A water nymph (Shoals:2)
  4 cane toads
  3 gargoyles
  A cane toad (shapeshifter) (D:15)
  14 rime drakes
  An efreet (D:14)
  7 demonic crawlers
  11 komodo dragons
  A komodo dragon (shapeshifter) (Orc:2)
  3 tengu conjurers
  A yaktaur (D:13)
  7 merfolk
  5 trolls
  23 polar bears
  A hornet (shapeshifter) (D:13)
  A wind drake (Lair:2)
  Grinder (D:3)
  6 tarantellas
  4 slime creatures (D:13)
  2 raiju (Lair:6)
  2 snapping turtles
  11 blink frogs
  6 dream sheep
  10 jumping spiders
  3 wyverns
  3 water elementals (Shoals:2)
  2 vampires
  4 culicivoras
  6 wraiths
  47 yaks
  4 basilisks
  A fire elemental (Elf:2)
  A human (D:13)
  7 vampire mosquitoes
  20 redbacks
  4 steam dragons
  A warg (shapeshifter) (D:15)
  A two-headed ogre zombie (D:11)
  6 hell hounds (Lair:6)
  3 wargs
  An acid dragon (D:8)
  12 water moccasins
  A sky beast (D:7)
  5 swamp worms
  Pargi (Sewer)
  7 black bears
  12 orc warriors
  5 ogres (Orc:2)
  An orc zombie (D:11)
  8 centaurs
  15 wolves
  3 phantoms (D:6)
  3 kobold brigands
  10 bullfrogs
  2 gnoll sergeants (D:9)
  An earth elemental (Elf:1)
  2 scorpions
  2 wights (D:10)
  17 killer bees
  6 electric eels
  A howler monkey (D:6)
  6 hounds
  A hound (shapeshifter) (Gauntlet)
  8 orc priests
  2 gnoll shamans
  6 jellies
  Ijyb (D:3)
  Natasha (twice) (D:4)
  5 iguanas
  25 orc wizards
  7 adders
  12 gnolls
  2 shadow imps
  3 white imps
  3 worms
  2 dart slugs (D:2)
  74 orcs
  10 endoplasms
  5 giant cockroaches
  9 goblins
  10 hobgoblins
  3 jackals (D:2)
  2 quokkas
  11 ball pythons
  3 bats (D:1)
  2 frilled lizards (D:2)
  18 kobolds
  9 rats
769 creatures vanquished.

Vanquished Creatures (collateral kills)
  2 deep elf blademasters (Elf:3)
  3 deep elf master archers (Elf:3)
  9 deep elf sorcerers
  A deep elf elementalist (Elf:3)
  A broodmother (Spider:3)
  4 deep elf demonologists (Elf:3)
  7 deep elf annihilators
  3 deep elf death magi (Elf:3)
  An ettin (D:15)
  3 merfolk impalers
  3 deep elf high priests (Elf:3)
  A vault guard (D:13)
  8 hydras
  A merfolk aquamancer (Shoals:2)
  2 merfolk avatars (Shoals:3)
  2 two-headed ogres
  A tengu warrior (D:14)
  3 satyrs
  A death yak (Lair:4)
  7 dancing weapons
  3 deep elf knights
  A steelbarb worm (Spider:3)
  5 sea snakes
  A sun moth (Spider:3)
  2 orb spiders (Spider:3)
  5 deep elf archers
  A wizard (D:15)
  A wolf spider (Spider:2)
  7 deep elf pyromancers
  8 deep elf zephyrmancers
  2 harpies (Shoals:1)
  An oklob plant (Lair:5)
  A cyclops (shapeshifter) (Gauntlet)
  5 ugly things
  An orc sorcerer (Orc:2)
  A moth of wrath (shapeshifter) (Elf:1)
  8 manticores
  3 cyclopes
  5 fauns
  2 elephants (Lair:4)
  A water nymph (shapeshifter) (Gauntlet)
  2 black mambas (Lair:6)
  A gargoyle (D:12)
  A torpor snail (Lair:5)
  2 cane toads
  2 komodo dragons
  2 rime drakes
  A queen bee (Lair:3)
  A troll (D:10)
  16 merfolk
  2 blink frogs
  6 polar bears
  3 dream sheep
  A tarantella (Spider:2)
  A tyrant leech (Gauntlet)
  2 raiju (Lair:6)
  3 jumping spiders
  5 snapping turtles
  3 culicivoras
  5 water elementals
  A wyvern (Lair:5)
  32 yaks
  A basilisk (shapeshifter) (D:15)
  A steam dragon (D:10)
  3 vampire mosquitoes
  2 swamp worms
  9 redbacks
  5 wargs
  The ghost of generaletaddeo the Conjurer, an amateur OpHW (D:3)
  7 hell hounds (Lair:6)
  An acid dragon (D:12)
  5 water moccasins
  3 orc warriors
  6 black bears
  5 ogres
  11 wolves
  A nameless horror (Elf:3)
  A kobold brigand (D:9)
  4 bullfrogs
  2 wights (D:10)
  10 killer bees (Lair:3)
  5 orc wizards
  Natasha (D:4)
  An iguana (Lair:1)
  A gnoll (D:9)
  An adder (D:5)
  3 orcs
  A goblin (D:4)
  A rat (D:6)
311 creatures vanquished.

Vanquished Creatures (others)
  A faun (Shoals:3)
  An orc wizard (Orc:1)
  35 fungi
  127 plants
164 creatures vanquished.

Grand Total: 1244 creatures vanquished

Notes
Turn   | Place    | Note
-------+----------+-------------------------------------------
     0 | D:1      | Banquo the Djinni Cinder Acolyte began the quest for the
                  | Orb.
     0 | D:1      | Banquo set off with the following spells memorised: Scorch.
     0 | D:1      | Reached XP level 1. HP: 20/20 MP: 0/0
   340 | D:1      | Found a faded altar of an unknown god.
   344 | D:1      | Reached XP level 2. HP: 23/25 MP: 0/0
   945 | D:2      | Reached XP level 3. HP: 27/30 MP: 0/0
   945 | D:2      | Learned a level 1 spell: Summon Small Mammal
  1065 | D:2      | Reached skill level 3 in Spellcasting
  1384 | D:2      | Reached XP level 4. HP: 26/35 MP: 0/0
  2850 | D:3      | Reached XP level 5. HP: 37/41 MP: 0/0
  2850 | D:3      | Learned a level 2 spell: Searing Ray
  2979 | D:3      | Noticed Ijyb
  2987 | D:3      | Killed Ijyb
  2988 | D:3      | Reached skill level 4 in Spellcasting
  3295 | D:3      | Noticed Grinder
  3531 | D:3      | Killed Grinder
  3532 | D:3      | Reached skill level 5 in Spellcasting
  3532 | D:3      | Reached XP level 6. HP: 13/47 MP: 0/0
  3871 | D:3      | Found a runed translucent gate.
  3871 | D:3      | Found a runed translucent gate.
  3871 | D:3      | Found a runed translucent gate.
  3872 | D:3      | Noticed generaletaddeo's ghost (amateur OpHW)
  3953 | D:4      | Noticed Natasha
  3969 | D:3      | Reached XP level 7. HP: 28/52 MP: 0/0
  3969 | D:3      | Learned a level 3 spell: Inner Flame
  4005 | D:4      | Found Solif's Magic Scroll Emporium.
  4163 | D:4      | Bought a scroll of poison for 35 gold pieces
  4163 | D:4      | Bought a scroll of identify for 20 gold pieces
  4163 | D:4      | Bought a scroll of fog for 20 gold pieces
  4163 | D:4      | Bought a scroll of blinking for 75 gold pieces
  4163 | D:4      | Bought a scroll of magic mapping for 35 gold pieces
  4165 | D:4      | Bought a scroll of identify for 20 gold pieces
  4231 | D:4      | Killed Natasha
  4403 | D:4      | Noticed Natasha
  4407 | D:4      | Killed Natasha
  4436 | D:4      | Noticed Natasha
  4440 | D:4      | Killed Natasha
  4492 | D:4      | Found a sparkling altar of Nemelex Xobeh.
  4655 | D:5      | Entered Level 5 of the Dungeon
  4687 | D:5      | Reached skill level 6 in Spellcasting
  5538 | D:6      | Reached XP level 8. HP: 57/58 MP: 0/0
  5804 | D:6      | Reached skill level 7 in Spellcasting
  5909 | D:6      | Found a glowing drain.
  5915 | Sewer    | Entered a sewer
  5966 | Sewer    | Noticed Pargi
  5976 | Sewer    | Killed Pargi
  6128 | D:6      | Found a snail-covered altar of Cheibriados.
  6278 | D:6      | Reached skill level 1 in Armour
  6278 | D:6      | Reached skill level 1 in Dodging
  6291 | D:6      | Reached XP level 9. HP: 64/64 MP: 0/0
  6291 | D:6      | Learned a level 3 spell: Mephitic Cloud
  6301 | D:6      | Found a staircase to the Ecumenical Temple.
  6331 | D:6      | Reached skill level 5 in Fighting
  6375 | D:6      | You are sucked into a shaft and drop 1 floor!
  6576 | D:6      | Reached skill level 8 in Spellcasting
  7789 | D:8      | Reached skill level 9 in Spellcasting
  7789 | D:8      | Reached XP level 10. HP: 71/72 MP: 0/0
  7795 | D:8      | Found a glowing golden altar of the Shining One.
  8733 | D:8      | Found a glowing golden altar of the Shining One.
  9165 | D:9      | Reached skill level 10 in Spellcasting
  9390 | D:9      | Found Tastriqiad's Assorted Antiques.
  9394 | D:9      | Bought a scroll labelled BUSTALAWOM for 32 gold pieces
  9510 | D:9      | Found a staircase to the Lair.
  9614 | D:9      | Reached skill level 5 in Dodging
  9614 | D:9      | Reached XP level 11. HP: 71/78 MP: 0/0
  9614 | D:9      | Learned a level 4 spell: Summon Ice Beast
 10010 | D:9      | Found a staircase to the Lair.
 10048 | D:9      | Found Tastriqiad's Assorted Antiques.
 10395 | Lair:1   | Entered Level 1 of the Lair of Beasts
 10706 | Lair:1   | Reached skill level 11 in Spellcasting
 11430 | Lair:2   | Noticed a manticore
 11447 | Lair:2   | Killed a manticore
 11457 | Lair:2   | Found a staircase to the Shoals.
 11610 | Lair:2   | Noticed an eight-headed hydra
 11620 | Lair:2   | Killed an eight-headed hydra
 11837 | Lair:2   | Reached XP level 12. HP: 85/86 MP: 0/0
 11946 | Lair:2   | Noticed a boulder beetle
 11981 | Lair:2   | Killed a boulder beetle
 11982 | Lair:2   | Reached skill level 12 in Spellcasting
 12449 | Lair:3   | Found a hole to the Spider Nest.
 12519 | Lair:3   | Noticed a seven-headed hydra
 12532 | Lair:3   | Killed a seven-headed hydra
 12723 | Lair:3   | Noticed an eight-headed hydra
 12728 | Lair:3   | Killed an eight-headed hydra
 12748 | Lair:3   | Noticed Gastronok
 12962 | Lair:3   | Reached skill level 13 in Spellcasting
 13117 | Lair:3   | Killed Gastronok
 13182 | Lair:3   | Reached XP level 13. HP: 93/94 MP: 0/0
 13182 | Lair:3   | Learned a level 5 spell: Manifold Assault
 13200 | Lair:3   | Noticed an eight-headed hydra
 13206 | Lair:3   | Killed an eight-headed hydra
 13222 | Lair:3   | Noticed an eight-headed hydra
 13260 | Lair:3   | Killed an eight-headed hydra
 13297 | Lair:3   | Reached skill level 1 in Stealth
 13497 | Lair:4   | Reached skill level 1 in Polearms
 14576 | Lair:5   | Found a staircase to the Slime Pits.
 14794 | Lair:4   | Noticed a catoblepas
 14855 | Lair:5   | Reached skill level 5 in Armour
 14865 | Lair:5   | Reached skill level 14 in Spellcasting
 15589 | Lair:5   | Reached XP level 14. HP: 53/101 MP: 0/0
 15608 | Lair:5   | Found a viscous altar of Jiyva.
 15703 | Lair:6   | Entered Level 6 of the Lair of Beasts
 16410 | Lair:6   | Reached skill level 10 in Fighting
 16530 | Lair:6   | Identified the +4 chain mail of Hadjma {Dex+6 Slay+3}
 17232 | Lair:6   | Identified a scroll of acquirement
 18088 | D:10     | Entered Level 10 of the Dungeon
 18863 | D:10     | Reached skill level 1 in Shields
 18893 | D:11     | Reached XP level 15. HP: 98/108 MP: 0/0
 18893 | D:11     | Learned a level 6 spell: Iron Shot
 18897 | D:11     | Identified the +3 falchion of the Thieving Gods {freeze,
                  | *Noise rCorr Int-4 Dex+6 Stlth+}
 18923 | D:11     | Reached skill level 5 in Polearms
 18964 | D:11     | Found a shimmering altar of Xom.
 19004 | D:11     | Reached skill level 15 in Spellcasting
 19118 | D:11     | Found a transporter.
 19158 | D:11     | Found a transporter.
 19219 | D:11     | Found a blossoming altar of Fedhas.
 19431 | D:11     | Identified the +3 hand axe "Fefoc" {vorpal, rElec}
 19682 | D:12     | Found Lonoifad's Magic Scroll Shoppe.
 19869 | D:12     | Found a staircase to the Orcish Mines.
 19993 | D:12     | Found Punlef's Distillery.
 20611 | Orc:1    | Entered Level 1 of the Orcish Mines
 21521 | Orc:2    | Entered Level 2 of the Orcish Mines
 21521 | Orc:2    | Found a gate leading to a gauntlet.
 21577 | Gauntlet | Entered a Gauntlet
 21577 | Gauntlet | Found a transporter.
 21577 | Gauntlet | Found a transporter.
 21597 | Gauntlet | Found a transporter.
 21597 | Gauntlet | Found a transporter.
 21611 | Gauntlet | Found a transporter.
 21632 | Gauntlet | Found a transporter.
 21639 | Gauntlet | Found a transporter.
 21662 | Gauntlet | Found a transporter.
 21682 | Gauntlet | Found a transporter.
 21691 | Gauntlet | Found a transporter.
 21705 | Gauntlet | Found a transporter.
 21720 | Gauntlet | Found a transporter.
 21776 | Gauntlet | Noticed a broodmother
 21777 | Gauntlet | a broodmother changed into something unseen
 21783 | Gauntlet | Noticed a quicksilver ooze
 21783 | Gauntlet | a jorogumo changed into a quicksilver ooze
 21794 | Gauntlet | a quicksilver ooze changed into a catoblepas
 21796 | Gauntlet | Noticed a storm dragon
 21796 | Gauntlet | a catoblepas changed into a storm dragon
 21802 | Gauntlet | a storm dragon changed into a minotaur
 21803 | Gauntlet | Noticed an azure jelly
 21803 | Gauntlet | a minotaur changed into an azure jelly
 21804 | Gauntlet | an azure jelly changed into a catoblepas
 21807 | Gauntlet | Noticed an emperor scorpion
 21807 | Gauntlet | a catoblepas changed into an emperor scorpion
 21813 | Gauntlet | Noticed a quicksilver ooze
 21813 | Gauntlet | an emperor scorpion changed into a quicksilver ooze
 21815 | Gauntlet | a quicksilver ooze changed into a bunyip
 21819 | Gauntlet | Noticed a broodmother
 21819 | Gauntlet | a bunyip changed into a broodmother
 21820 | Gauntlet | a broodmother changed into a satyr
 21841 | Gauntlet | Identified the ring of Bonweh {Wiz rF+}
 21886 | Gauntlet | Identified the +2 cloak of the Bouncing Priests {Will-
                  | Int+2 Dex+3 Stlth+}
 21918 | Gauntlet | Identified the +8 trident "Gulasij" {flame, rPois Str-3
                  | Int+4 SInv}
 21918 | Gauntlet | Identified the +1 chain mail "Togunev" {Will+ Regen+
                  | Slay+2}
 21918 | Gauntlet | Identified the ring "Forov" {rPois rC++ Str+6 Int-5 SInv}
 22079 | Orc:2    | Found a staircase to the Elven Halls.
 22963 | Orc:2    | Found Caco's Distillery.
 23030 | Orc:2    | Found Xuthogon's Book Boutique.
 23239 | Orc:2    | Found Mabes's Antique Weapon Shop.
 23241 | Orc:2    | Found Ynanaudghy's Magic Scroll Boutique.
 23954 | D:13     | Reached XP level 16. HP: 115/116 MP: 0/0
 24008 | D:13     | Found a gate to the Vaults.
 24570 | D:13     | Reached skill level 10 in Dodging
 25289 | D:15     | Entered Level 15 of the Dungeon
 25289 | D:15     | Noticed Rupert
 25547 | Spider:1 | Entered Level 1 of the Spider Nest
 25556 | Spider:1 | Reached skill level 5 in Shields
 26393 | Spider:2 | Found a frozen archway.
 26420 | IceCv    | Entered an ice cave
 26539 | IceCv    | Reached XP level 17. HP: 114/125 MP: 0/0
 26539 | IceCv    | Learned a level 7 spell: Monstrous Menagerie
 26553 | IceCv    | Identified the +1 pair of gloves "Ged Reudue" {*Slow rPois
                  | rCorr}
 27458 | IceCv    | Identified the +8 long sword of the Mind {vorpal, Str+7
                  | Int-5 Dex+7}
 28088 | Spider:2 | Noticed Agnes
 28091 | Spider:2 | Killed Agnes
 29013 | Spider:3 | Found a runed translucent gate.
 29013 | Spider:3 | Found a runed translucent gate.
 29013 | Spider:3 | Found a runed translucent gate.
 29056 | Spider:3 | Reached skill level 16 in Spellcasting
 29253 | Spider:3 | Noticed Rinayma's ghost (journeyman SpEn)
 29428 | Spider:4 | Entered Level 4 of the Spider Nest
 29475 | Spider:4 | Noticed Arachne
 29972 | D:15     | Noticed Louise
 30543 | Shoals:1 | Entered Level 1 of the Shoals
 30697 | Shoals:1 | Noticed Nikola
 30711 | Shoals:1 | Killed Nikola
 30722 | Shoals:1 | Reached XP level 18. HP: 58/133 MP: 0/0
 31318 | Shoals:1 | Found Cesedwas's Armour Shoppe.
 31326 | Shoals:1 | Bought the +2 pair of gloves of Fatizop {rElec} for 370
                  | gold pieces
 31690 | Shoals:2 | Found a flickering gateway to a bazaar.
 31707 | Bazaar   | Entered a bazaar
 31707 | Bazaar   | Found Uceoma Pidi's Antique Armour Shop.
 31707 | Bazaar   | Found Zoubbac's Jewellery Emporium.
 31707 | Bazaar   | Found Abbasecu's Magic Scroll Shop.
 31707 | Bazaar   | Found Keaklip's Book Shoppe.
 31709 | Bazaar   | Found Poanul's General Store.
 31709 | Bazaar   | Found Zyro's Antique Weapon Boutique.
 31731 | Bazaar   | Bought a scroll of fog for 22 gold pieces
 31731 | Bazaar   | Bought a scroll of magic mapping for 38 gold pieces
 31731 | Bazaar   | Bought a scroll of teleportation for 33 gold pieces
 31731 | Bazaar   | Bought a scroll of blinking for 82 gold pieces
 31731 | Bazaar   | Bought a scroll of fear for 38 gold pieces
 31739 | Bazaar   | Bought a scroll of teleportation for 30 gold pieces
 31748 | Bazaar   | Bought a scroll of enchant weapon for 82 gold pieces
 32513 | Shoals:2 | Reached skill level 17 in Spellcasting
 33234 | Shoals:3 | Reached skill level 10 in Armour
 33539 | Shoals:3 | Found a flickering gateway to a bazaar.
 33556 | Bazaar   | Entered a bazaar
 33560 | Bazaar   | Found Meimuwes's General Store.
 33571 | Bazaar   | Found Ytoiz's General Store.
 33571 | Bazaar   | Found Vaec's Distillery.
 33582 | Bazaar   | Found Geasihaf's Weapon Shop.
 33591 | Bazaar   | Found Nuskiv's Armour Boutique.
 33618 | Bazaar   | Bought a potion of brilliance for 36 gold pieces
 33618 | Bazaar   | Bought a potion of curing for 27 gold pieces
 33618 | Bazaar   | Bought a potion of haste for 90 gold pieces
 33625 | Bazaar   | Bought a scroll of teleportation for 48 gold pieces
 34784 | D:3      | Killed generaletaddeo's ghost
 35342 | Elf:1    | Entered Level 1 of the Elven Halls
 35978 | Elf:1    | Reached XP level 19. HP: 125/140 MP: 0/0
 35978 | Elf:1    | Learned a level 7 spell: Spellforged Servitor
 36649 | Elf:2    | Found a runed translucent gate.
 36659 | Elf:2    | Found a runed translucent gate.
 36660 | Elf:2    | Found a runed translucent gate.
 36832 | Elf:3    | Entered Level 3 of the Elven Halls
 37618 | Elf:3    | Reached skill level 18 in Spellcasting
 37739 | Elf:3    | Noticed a Brimstone Fiend
 37743 | Elf:3    | Noticed a deep elf blademaster
 37748 | Elf:3    | Killed a deep elf blademaster
 38079 | Elf:3    | Identified the +4 mace "Yheany" {vorpal, rElec}
 38465 | Elf:3    | Noticed a deep elf blademaster
 38473 | Elf:3    | Identified the +7 battleaxe of Xytugid {drain, rPois rC-
                  | Str+4 Stlth+}
 38473 | Elf:3    | Identified the ring "Ykosep" {rElec rPois rF++ rN+ MP+9
                  | Int-5}
 38479 | Elf:3    | Killed a deep elf blademaster
 39479 | Elf:3    | Reached XP level 20. HP: 144/148 MP: 0/0
 39490 | Elf:3    | Found the +3 pair of seven-league boots {Rampage+∞}
 39498 | Elf:3    | Identified the +9 arbalest of Greatest Utility {elec, Int+2
                  | Dex+4}
 39564 | Elf:3    | Identified the ring of the Final Decision {*Slow rN+ Will+
                  | Str+6}
 39570 | Elf:3    | Identified the +1 helmet of Dyspraxia {Str+3}
 40916 | Spider:3 | Mangled by a torpor snail

Illustrated notes

Levels and vault maps discovered:
D:1:      lemuel_arrival_hallway, layout_loops_ring, basic_ecumenical_altar,
          minmay_misc_feat_enclosed
D:2:      layout_loops_cross, dk_noncrumbling_2
D:3:      layout_basic, ebering_ghost_rock_garden, dk_noncrumbling_3,
          kennysheep_generic_room_5, uniq_grinder, uniq_ijyb
D:4:      layout_cave_pools, nicolae_overflow_hidden_temple,
          nicolae_stop_n_shop_2, dk_vineyard_3, minmay_close_crescents,
          uniq_natasha
D:5:      layout_basic, minmay_misc_feat_tiny
D:6:      layout_basic, mainiacjoe_overflow_24_doors, minmay_temple_entry_grid,
          portal_sewer_entry_e, hellmonk_bongcloud_opening, water_boxes_lemuel
D:7:      layout_rooms, hangedman_decor_diamond_cutter, item_on_display_a
D:8:      layout_cave_pools, mainiacjoe_overflow_boulevard, grunt_ministairs_15,
          corner_web_ring, grunt_tough_drop
D:9:      layout_gridville, erik_lair_island, serial_shops, shop_statue
D:10:     layout_grid_maze
D:11:     gammafunk_cloud_chamber, layout_rooms, hangedman_feature_mirror
D:12:     layout_loops_corners, david_orc_2, serial_shops, shop_scrolls,
          nicolae_shop_advertising_works [nicolae_subvault_shop_adworks]
D:13:     layout_roguey, grunt_vaults_entry_fortified, serial_aquarium,
          aquarium_bridge_long_joined [aquarium_subvault_window,
          aquarium_subvault_bridge, aquarium_subvault_wall,
          aquarium_subvault_bridge, aquarium_subvault_bridge,
          aquarium_subvault_balcony], aquarium_window_1, aquarium_window_double,
          aquarium_window_3, aquarium_window_1, aquarium_view_2f,
          aquarium_view_2e, aquarium_balcony_double_1
D:14:     layout_rooms, serial_park_square3 [serial_park_minivault_5x5_8],
          minmay_misc_feat_plants
D:15:     hangedman_depths_entry_civil_slaughter, layout_rooms,
          nicolae_lava_and_water, hangedman_decor_points, tso_metal_star,
          uniq_louise, uniq_rupert
Lair:1:   beast_lair_carwin_large_2, layout_gridlike,
          nicolae_quartered_pool_medium
Lair:2:   layout_layer_cave, minmay_shoals_entry_beasts, grunt_megastairs_1,
          serial_bayou_shore_a, lemuel_fruit_fields
Lair:3:   layout_roguey [special_room_bee], spider_nest_entry_web_field,
          hangedman_lair_generics_rect, uniq_gastronok
Lair:4:   layout_gridlike, kennysheep_catoblepas_arena,
          infiniplex_staircase_pool
Lair:5:   layout_misc_corridors, minmay_slime_entry_oklob_open,
          serial_bayou_shore_b, grunt_megastairs_2, lemuel_fruit_tree
Lair:6:   hangedman_lair_caniforms_friends, layout_gridlike, worms_lemuel
Shoals:1: nicolae_shoals_island_circles, layout_shoals, serial_shops,
          nicolae_shop_hallway_stairs, uniq_nikola
Shoals:2: layout_shoals, serial_shops, bzr_entry_safe
Shoals:3: layout_shoals, serial_shops, bzr_firewalk
Spider:1: layout_spider_delve
Spider:2: layout_spider_delve, portal_ice_cave_entry_ugly_swarm,
          nicolae_spider_nooks_and_crannies, uniq_agnes
Spider:3: layout_spider_delve, gammafunk_ghost_necromancy,
          hangedman_spider_tarantella_strand
Spider:4: hellmonk_spider_rune_bug_friends, uniq_arachne
Orc:1:    cheibrodos_orc_bank, layout_caves, led_sif_book
Orc:2:    kennysheep_orc_mage_school, layout_diamond_mine,
          gauntlet_entry_generic, uniq_urug
Elf:1:    minmay_elf_arrival_circle, layout_gridlike, minmay_elf_annihilation,
          hangedman_elf_simple_split, minmay_crystal_room, drop_trap
Elf:2:    elven_hall_of_blades_hangedman_original
          [nicolae_blade_entry_diamond_columns], layout_geoelf_diagonals
Elf:3:    minmay_elf_hall_four_x, layout_onion_city, nicolae_elf_v_pinch

Skill      XL: |  1  2  3  4  5  6  7  8  9 10 11 12 13 14 15 16 17 18 19 |
---------------+----------------------------------------------------------+-----
Spellcasting   | 3 5 6 7 9 10 11 13 14 15 16 17 18 | 18.5
Fighting       | 4 5 6 7 8 9 10 11 12 13 14 | 14.6
Armour         | 1 3 4 5 6 7 8 9 10 11 | 11.2
Dodging        | 1 3 5 6 7 8 9 10 | 10.9
Stealth        | 2 4 |  4.0
Polearms       | 3 4 6 8 9 |  9.1
Shields        | 1 4 6 8 9 |  9.9
Long Blades    | |  2.6

Action                   |  1- 3 |  4- 6 |  7- 9 | 10-12 | 13-15 | 16-18 | 19-21 || total
-------------------------+-------+-------+-------+-------+-------+-------+-------++-------
Melee: Falchion          |    20 |       |       |       |       |       |       ||    20
       Trident           |       |       |       |       |   852 |   362 |     6 ||  1220
       Hand axe          |       |       |       |       |       |     2 |       ||     2
       Demon trident     |       |       |       |       |       |     9 |   113 ||   122
       War axe           |       |       |       |       |       |       |     1 ||     1
 Cast: Scorch            |    26 |    55 |   155 |   288 |   325 |   143 |    16 ||  1008
       Summon Small Mamm |     1 |     6 |    64 |    77 |    86 |     4 |       ||   238
       Searing Ray       |       |     4 |     7 |     7 |    10 |     2 |       ||    30
       Mephitic Cloud    |       |       |     5 |    30 |    54 |    42 |    20 ||   151
       Inner Flame       |       |       |       |     1 |       |       |       ||     1
       Summon Ice Beast  |       |       |       |    42 |   157 |   104 |    11 ||   314
       Manifold Assault  |       |       |       |       |   459 |   215 |    81 ||   755
       Iron Shot         |       |       |       |       |    24 |   290 |    58 ||   372
       Monstrous Menager |       |       |       |       |       |   131 |    72 ||   203
       Spellforged Servi |       |       |       |       |       |       |    54 ||    54
Invok: Fiery Armour      |       |       |       |       |       |     1 |       ||     1
  Use: Scroll            |       |       |    14 |       |    12 |     4 |       ||    30
       Potion            |       |       |       |       |     3 |       |       ||     3
 Stab: Distracted        |       |       |       |       |       |     2 |       ||     2
Armor: Robe              |    12 |     1 |     2 |       |       |       |       ||    15
       Troll leather arm |       |       |     6 |    26 |    54 |    52 |    14 ||   152
Dodge: Dodged            |    18 |    10 |    10 |    57 |   146 |    88 |    31 ||   360
Block: Kite shield       |       |       |       |       |    27 |    71 |    16 ||   114

Table legend: (Time is in decaauts)
 A = Elapsed time spent in this place.
 B = Non-inter-level travel time spent in this place.
 C = Inter-level travel time spent in this place.
 D = Time resting spent in this place.
 E = Time spent auto-exploring this place.
 F = Levels seen in this place.
 G = Mean time per level.
                   A        B        C        D        E       F      G
               +--------+--------+--------+--------+--------+-----+--------+
         Total |  41054 |  35454 |   5600 |   3395 |  18017 |  38 | 1080.4 |
       Dungeon |  16277 |  13746 |   2531 |    913 |   8482 |  15 | 1085.1 |
          Lair |   9143 |   7191 |   1952 |    663 |   3755 |   6 | 1523.8 |
        Shoals |   3595 |   3338 |    257 |    181 |   1937 |   3 | 1198.3 |
   Spider Nest |   2642 |   2392 |    250 |    145 |   1259 |   4 |  660.5 |
  Orcish Mines |   2508 |   2290 |    218 |    257 |    778 |   2 | 1254.0 |
   Elven Halls |   5094 |   4704 |    390 |    704 |   1705 |   3 | 1698.0 |
        Bazaar |    123 |    123 |      0 |      0 |     38 |   2 |   61.5 |
         Sewer |    132 |    132 |      0 |      0 |      0 |   1 |  132.0 |
      Ice Cave |   1159 |   1159 |      0 |    517 |     53 |   1 | 1159.0 |
      Gauntlet |    376 |    376 |      0 |     15 |     10 |   1 |  376.0 |
               +--------+--------+--------+--------+--------+-----+--------+

Top non-repeatable levels by time:
   Elf:3: 3490 daAuts
  Lair:6: 2077 daAuts
     D:9: 2044 daAuts
     D:3: 1807 daAuts
  Lair:2: 1642 daAuts
   Orc:2: 1504 daAuts
  Lair:5: 1484 daAuts
     D:2: 1464 daAuts
Shoals:2: 1446 daAuts
  Lair:3: 1359 daAuts
  Lair:1: 1359 daAuts
     D:8: 1254 daAuts
    D:12: 1226 daAuts
  Lair:4: 1221 daAuts
     D:6: 1217 daAuts
